 Dungeon Crawl Stone Soup version 0.27-a0-1529-g1e82c303ef (webtiles) character file.

Game seed: 14435115152519179839

18 Demosthentine the Poker (level 2, 0/34 HPs)
             Began as a Merfolk Gladiator on July 12, 2021.
             Succumbed to an adder's poison
             ... on level 2 of the Dungeon.
             The game lasted 00:00:34 (874 turns).

Demosthentine the Poker (Merfolk Gladiator)          Turns: 874, Time: 00:00:35

Health: 0/34       AC:  4    Str: 14    XL:     2   Next: 66%
Magic:  2/2        EV: 13    Int:  7    God:
Gold:   56         SH:  0    Dex: 15    Spells: 1/1 levels left

rFire    . . .     SeeInvis .   a - +0 trident
rCold    . . .     Faith    .   (no shield)
rNeg     . . .     Spirit   .   b - +0 leather armour
rPois    .         Reflect  .   c - +0 helmet
rElec    .         Harm     .   (no cloak)
rCorr    .         Rampage  .   (no gloves)
Will     .....                  (no boots)
Stlth    ..........             (no amulet)
HPRegen  0.11/turn              (no ring)
MPRegen  0.08/turn              (no ring)

@: berserking, lethally poisoned (0 -> -3), very quick
A: (nimble swimmer 2), mertail
a: no special abilities


You were on level 2 of the Dungeon.
You visited 1 branch of the dungeon, and saw 2 of its levels.

You collected 56 gold pieces.

Inventory:

Hand Weapons
 a - a +0 trident (weapon)
Missiles
 d - 3 throwing nets (quivered)
Armour
 b - a +0 leather armour (worn)
 c - a +0 helmet (worn)
 e - a +0 buckler
Scrolls
 f - a scroll of immolation {unknown}
 h - 3 scrolls of torment {unknown}


   Skills:
 + Level 2.5 Fighting
 + Level 4.7 Polearms
 - Level 2.0 Throwing
 + Level 0.4 Armour
 + Level 4.3 Dodging
 + Level 0.4 Shields


You had one spell level left.
You didn't know any spells.
Your spell library contained the following spells:

 Spells                   Type           Power      Damage    Failure   Level
 Gell's Gravitas          Tloc           0%         N/A       87%         3
 Lesser Beckoning         Tloc           0%         N/A       87%         3
 Teleport Other           Tloc           0%         N/A       87%         3


Dungeon Overview and Level Annotations

Branches:
Dungeon (1/15)

Altars:


Innate Abilities, Weirdness & Mutations

((You are quick and stealthy near water. (Stealth+, EV+, Speed+++)))
Your lower body shifts to a powerful aquatic tail in water.


Message History

* * * LOW HITPOINT WARNING * * *
The hobgoblin barely misses you.
Unknown command.
It was a potion of berserk rage.
A red film seems to cover your vision as you go berserk!
You feel yourself moving faster!
You feel mighty! The giant cockroach closely misses you. The adder bites you.
* * * LOW HITPOINT WARNING * * *
You are lethally poisoned!
The adder poisons you! The hobgoblin barely misses you.
The giant cockroach bites you but does no damage.
The adder misses you.
You hit the adder.
The adder is heavily wounded.
* * * LOW HITPOINT WARNING * * *
You feel sick. The worm closely misses you.
The hobgoblin hits you but does no damage.
The adder bites you but does no damage.
You hit the adder.
The adder is almost dead.
* * * LOW HITPOINT WARNING * * *
You feel sick.
The giant cockroach completely misses you.
A ball python comes into view.
The adder bites you but does no damage.
You closely miss the adder.
The adder is severely wounded.
* * * LOW HITPOINT WARNING * * *
You feel sick.
The ball python hisses angrily.
The giant cockroach bites you but does no damage.
The hobgoblin closely misses you. The worm misses you.
You closely miss the adder.
The adder is severely wounded.
The adder closely misses you. The giant cockroach barely misses you.
The hobgoblin closely misses you.
Unknown command.
You puncture the adder!
You kill the adder!
You die...

#######
##.....##
##.......#
#.........#
#.........#
#.........#
#.........#
######B........#
#...†@g.......##
#..####w........
#.........
#........
#.S......
#........
##..§§... .§§§..


You could see a worm, a giant cockroach, a hobgoblin and a ball python.

Vanquished Creatures
  An adder (D:2)
  3 ball pythons (D:1)
  3 endoplasms
  A hobgoblin (D:1)
  5 jackals (D:1)
  A bat (D:1)
  2 frilled lizards (D:1)
16 creatures vanquished.

Notes
Turn   | Place    | Note
-------+----------+-------------------------------------------
     0 | D:1      | Demosthentine the Merfolk Gladiator began the quest for the
                  | Orb.
     0 | D:1      | Reached XP level 1. HP: 16/16 MP: 1/1
     0 | D:1      | Noticed a palentonga
     0 | D:1      | Noticed a naga
     1 | D:1      | Noticed a djinni
     3 | D:1      | Noticed a formicid
     5 | D:1      | Noticed a naga
     7 | D:1      | Noticed a dwarf
    11 | D:1      | Noticed a minotaur
    11 | D:1      | Noticed an elf
    13 | D:1      | Noticed a troll
    13 | D:1      | Noticed a palentonga
    15 | D:1      | Noticed a palentonga
    15 | D:1      | Noticed a draconian
    15 | D:1      | Noticed a ghoul
    17 | D:1      | Noticed a human
    17 | D:1      | Noticed a draconian
    19 | D:1      | Noticed a tengu
    19 | D:1      | Noticed a gargoyle
    21 | D:1      | Noticed a felid
   365 | D:1      | Reached XP level 2. HP: 19/23 MP: 2/2
   853 | D:1      | You fall into a shaft and drop 1 floor!
   862 | D:2      | Found a faded altar of an unknown god.
   872 | D:2      | HP: 1/34 [poisoned by an adder]
   874 | D:2      | Succumbed to an adder's poison

Illustrated notes

Levels and vault maps discovered:
D:1:      shiori_arrival_whats_in_store_for_you, layout_basic
D:2:      layout_rooms, ebering_ecumenical_altar_mist

Action                   || total
-------------------------++-------
Melee: Trident           ||    55
  Use: Potion            ||     1
 Stab: Sleeping          ||     3
Armor: Leather armour    ||    19
Dodge: Dodged            ||    57

Table legend: (Time is in decaauts)
 A = Elapsed time spent in this place.
 B = Non-inter-level travel time spent in this place.
 C = Inter-level travel time spent in this place.
 D = Time resting spent in this place.
 E = Time spent auto-exploring this place.
 F = Levels seen in this place.
 G = Mean time per level.
                   A        B        C        D        E       F      G
               +--------+--------+--------+--------+--------+-----+--------+
         Total |    876 |    876 |      0 |      0 |    770 |   2 |  438.0 |
       Dungeon |    876 |    876 |      0 |      0 |    770 |   2 |  438.0 |
               +--------+--------+--------+--------+--------+-----+--------+

Top non-repeatable levels by time:
     D:1: 856 daAuts
     D:2: 20 daAuts
